 Dungeon Crawl Stone Soup version 0.23-a0-175-g97aacdb (webtiles) character file.

37 topirishpotato the Insei (level 3, 0/23 HPs)
             Began as an Octopode Transmuter on Sept 17, 2018.
             Slain by a kobold
             ... wielding a +0 dagger
              (5 damage)
             ... on level 1 of the Dungeon.
             The game lasted 00:02:28 (620 turns).

topirishpotato the Insei (Octopode Transmuter)       Turns: 620, Time: 00:02:28

Health: 0/23       AC:  1    Str: 10    XL:     3   Next: 39%
Magic:  6/6        EV: 13    Int: 15    God:
Gold:   29         SH:  4    Dex: 12    Spells: 5/6 levels left

rFire    . . .     SeeInvis .     - Unarmed
rCold    . . .     Gourm    .   (no shield)
rNeg     . . .     Faith    .   (helmet restricted)
rPois    .         Spirit   .   d - +4 amulet of reflection
rElec    .         Reflect  +   (no ring)
rCorr    .         Harm     .   (no ring)
MR       .....                  (no ring)
Stlth    +++.......             (no ring)
HPRegen  0.07/turn              (no ring)
MPRegen  0.10/turn              (no ring)
                                (no ring)
                                (no ring)

@: appendage (expiring)
A: almost no armour, stealthy swim, amphibious, 8 rings, constrict 8, tentacle
spike 3, camouflage 1, gelatinous body 1
a: End Transformation


You were on level 1 of the Dungeon.
You were not hungry.
One of your tentacles had a temporary spike.
You visited 1 branch of the dungeon, and saw 1 of its levels.

You collected 29 gold pieces.

Inventory:

Missiles
 a - 12 arrows
Jewellery
 d - a +4 amulet of reflection (around mantle)
Scrolls
 b - 2 scrolls of identify {unknown}
Comestibles
 c - a ration


   Skills:
 + Level 1.0 Fighting
 - Level 2.0 Dodging
 + Level 1.2 Stealth
 + Level 4.2 Unarmed Combat
 - Level 2.0 Spellcasting
 - Level 2.0 Transmutations


You had 5 spell levels left.
You knew the following spells:

 Your Spells              Type           Power        Failure   Level  Hunger
a - Beastly Appendage     Tmut           #.....       10%         1    #......

Your spell library contained the following spells:

 Spells                   Type           Power        Failure   Level  Hunger
 Sticks to Snakes         Tmut           #.......     14%         2    ###....
 Spider Form              Tmut/Pois      #.........   41%         3    ###....
 Ice Form                 Ice/Tmut       #.......     82%         4    #####..
 Blade Hands              Tmut           #.........   95%         5    ######.


Dungeon Overview and Level Annotations

Branches:
Dungeon (1/15)

Altars:


Innate Abilities, Weirdness & Mutations

You cannot wear most types of armour.
You are very stealthy in the water. (Stealth+)
You are amphibious.
You can wear up to eight rings at the same time.
You can use your tentacles to constrict eight enemies at once.
Your skin changes colour to match your surroundings (Stealth+).
Your rubbery body absorbs attacks. (AC +1, EV +1)
One of your tentacles bears a large vicious spike.


Message History

* * * LOW HITPOINT WARNING * * *
The kobold hits you.
* * * LOW HITPOINT WARNING * * *
The kobold misses you.
The kobold throws a stone.
The stone barely misses you. You block the kobold's attack.
You see here 2 stones.
You closely miss the kobold. Your grab misses the kobold.
Your squeeze misses the kobold. The kobold hits you.
* * * LOW HITPOINT WARNING * * *
You closely miss the kobold. You grab the kobold.
You pierce the kobold.
You squeeze the kobold.
You kill the kobold!
Your transformation is almost over.
You tentacle-slap the kobold.
You kill the kobold!
You closely miss the kobold. You grab the kobold.
You pierce the kobold, but do no damage.
You constrict the kobold. The kobold hits you with a dagger.
You die...

##.# ###.# #..# #####.#
#..# #.....# ##..# #.#####
#...####.#P♣P♣♣♣♣♣#
######..###...#♣P#...PP#
###.............#PP?...÷#P
....##....##..#.#P.......#
##......####.##(@K†(.§...#
#..###..# #.#####.......#
...###.#####.# PP.....PP
##...#.#.....# #♣PP≈..P#P
####.....##### PPP♣#♣♣#
###......# ########
#..###.# ##.....## ####.##
#.# ##.......## ##....#
#.## #.........#


You could see a kobold.

Vanquished Creatures
  A giant cockroach (D:1)
  5 goblins (D:1)
  4 hobgoblins (D:1)
  4 jackals (D:1)
  2 ball pythons (D:1)
  2 bats (D:1)
  2 frilled lizards (D:1)
  8 kobolds (D:1)
  6 rats (D:1)
34 creatures vanquished.

Notes
Turn   | Place    | Note
-------+----------+-------------------------------------------
     0 | D:1      | topirishpotato the Octopode Transmuter began the quest for
                  | the Orb.
     0 | D:1      | Reached XP level 1. HP: 13/13 MP: 3/3
    44 | D:1      | Reached XP level 2. HP: 10/18 MP: 5/5
   437 | D:1      | Reached skill level 4 in Unarmed Combat
   446 | D:1      | Reached skill level 1 in Stealth
   446 | D:1      | Reached XP level 3. HP: 20/23 MP: 6/6
   620 | D:1      | Slain by a kobold

Vault maps used:
D:1:      scummos_arrival_simple_crosswalls, lexackson_kobold_supper

Skill      XL: |  1  2 |
---------------+-------+-----
Unarmed Combat | 4 |  4.2
Stealth        | 1 |  1.2
Fighting       | |  1.0
Dodging        | |  2.0
Spellcasting   | |  2.0
Transmutations | |  2.0

Action                   || total
-------------------------++-------
Melee: Unarmed           ||    65
       Constrict         ||    19
       Kick              ||     7
       Tentacles         ||     7
       Punch             ||     1
 Cast: Beastly Appendage ||     9
 Stab: Sleeping          ||     5
Armor: Skin              ||     9
Dodge: Dodged            ||    41
Block: Other             ||     2

Table legend:
 A = Non-vault XP
 B = Vault XP
 C = Vault XP percentage of total XP
 D = Non-vault monster count
 E = Vault monster count
 F = Vault count percentage of total count
                 A         B        C        D         E       F
            +---------+---------+-------+---------+---------+-------
      Total |      48 |       5 |   9.4 |      30 |       4 |  11.8
            +---------+---------+-------+---------+---------+-------
        D:1 |      48 |       5 |   9.4 |      30 |       4 |  11.8
            +---------+---------+-------+---------+---------+-------
